 Dungeon Crawl Stone Soup version 0.29-a0-298-g3c90f9a769 (webtiles) character file.

Game seed: 17971132551435404964

1233 Dabor the Stinger (level 8, -4/41 HPs)
             Began as a Deep Elf Venom Mage on Mar 23, 2022.
             Was an Initiate of Hepliaklqana.
             Killed by divine providence
             ... invoked by an orc priest
              (13 damage)
             ... on level 5 of the Dungeon.
             The game lasted 00:15:23 (5839 turns).

Dabor the Stinger (Deep Elf Venom Mage)             Turns: 5839, Time: 00:15:24

Health: -4/41      AC:  4    Str:  5    XL:     8   Next: 24%
Magic:  0/19       EV: 14    Int: 23    God:    Hepliaklqana [......]
Gold:   158        SH:  0    Dex: 15    Spells: 5/19 levels left

rFire   + . .      SeeInvis .   r - +2 whip (vorpal)
rCold   + . .      Faith    .   (no shield)
rNeg    . . .      Spirit   .   l - +2 robe {rC+ rF+}
rPois   .          Reflect  .   (no helmet)
rElec   .          Harm     .   (no cloak)
rCorr   .          Rampage  .   (no gloves)
Will    +....                   (no boots)
Stlth   ++........              h - amulet of regeneration
HPRegen 0.93/turn               q - ring of willpower
MPRegen 0.16/turn               (no ring)

@: radiating poison, very slightly contaminated
A: no striking features
a: Renounce Religion


You were on level 5 of the Dungeon.
You worshipped Hepliaklqana.
Hepliaklqana was noncommittal.
You visited 1 branch of the dungeon, and saw 5 of its levels.

You collected 158 gold pieces.

Inventory:

Hand Weapons
 r - a +2 vorpal whip (weapon)
Armour
 l - a +2 robe of resistance (worn)
Jewellery
 h - an amulet of regeneration (around neck)
 q - a ring of willpower (left hand)
Wands
 k - a wand of flame (7)
Scrolls
 c - a scroll of enchant armour
 d - a scroll of identify
 f - a scroll of magic mapping
 g - 3 scrolls of teleportation
 i - a scroll of fear
 m - a scroll of immolation
Potions
 a - 2 potions of flight
 b - a potion of magic


   Skills:
 + Level 5.3 Dodging
 - Level 2.8 Stealth
 + Level 6.0 Spellcasting
 + Level 3.5 Conjurations
 - Level 2.0 Transmutations
 - Level 3.0 Fire Magic
 + Level 3.4 Ice Magic
 * Level 6.7 Poison Magic


You had 5 spell levels left.
You knew the following spells:

 Your Spells              Type           Power      Damage    Failure   Level
a - Sting                 Tmut/Pois      100%       1d8       1%          1
b - Poisonous Vapours     Pois/Air       44%        N/A       3%          2
c - Mephitic Cloud        Conj/Pois/Air  22%        N/A       6%          3
d - Freeze                Ice            88%        1d10      1%          1
e - Ignite Poison         Fire/Tmut/Pois 25%        N/A       4%          3
f - Olgreb's Toxic Radia  Pois           38%        N/A       5%          4

Your spell library contained the following spells:

 Spells                   Type           Power      Damage    Failure   Level
 Frozen Ramparts          Ice            44%        1d6       6%          3
 Conjure Flame            Conj/Fire      21%        6-21      7%          3
 Blink                    Tloc           12%        N/A       13%         2
 Hailstorm                Conj/Ice       23%        3d7       21%         4
 Sticky Flame             Conj/Fire      21%        2d4       22%         4
 Gell's Gravitas          Tloc           6%         N/A       26%         3
 Lesser Beckoning         Tloc           6%         N/A       26%         3
 Teleport Other           Tloc           6%         N/A       26%         3
 Summon Ice Beast         Ice/Summ       14%        N/A       38%         4
 Manifold Assault         Tloc           6%         N/A       93%         5
 Summon Mana Viper        Hex/Summ       6%         N/A       93%         5
 Monstrous Menagerie      Summ           3%         N/A       100%        7


Dungeon Overview and Level Annotations

Branches:
Dungeon (5/15)             Temple (0/1) D:5

Altars:
Ashenzari
Hepliaklqana
Ru

Shops:
D:1 [[=   D:4 =

Annotations:
D:3 1 transporter, fly's ghost, amateur KoHu


Message History

Aiming: Mephitic Cloud (dangerous; 6% risk of failure)
Press: ? - help, Shift-Dir - straight line
Okay, then.
Casting: Mephitic Cloud (dangerous; 6% risk of failure)
Confirm with . or Enter, or press ? or * to list all spells.
You can't see any susceptible monsters within range! (Use Z to cast anyway.)
Casting: Mephitic Cloud (dangerous; 6% risk of failure)
Confirm with . or Enter, or press ? or * to list all spells.
You miscast Olgreb's Toxic Radiance.
You are very lightly contaminated with residual magic.
You feel rather nauseous for a moment!
You are poisoned.
* * * LOW HITPOINT WARNING * * *
The adder hisses angrily.
You feel sick.
Casting: Olgreb's Toxic Radiance (dangerous; 5% risk of failure)
Confirm with . or Enter, or press ? or * to list all spells.
You begin to radiate toxic energy.
The adder is poisoned.
The orc wizard is poisoned.
You feel sick.
The orc wizard casts a spell.
The orc wizard flickers and vanishes!
Deactivating autopickup; reactivate with Ctrl-A.
Casting: Olgreb's Toxic Radiance (dangerous; 5% risk of failure)
Confirm with . or Enter, or press ? or * to list all spells.
Your toxic radiance grows in intensity.
The adder looks even sicker.
The orc priest is poisoned.
You feel sick.
Casting: Olgreb's Toxic Radiance (dangerous; 5% risk of failure)
Confirm with . or Enter, or press ? or * to list all spells.
You miscast Ignite Poison.
Nothing appears to happen.
You kill the adder!
You feel sick.
An orc comes into view. It is wielding a +0 dagger.
Casting: Ignite Poison (dangerous; 4% risk of failure)
Confirm with . or Enter, or press ? or * to list all spells.
Your toxic radiance grows in intensity.
The orc priest looks even sicker.
The orc is poisoned.
The orc priest looks even sicker.
You feel sick.
You are no longer poisoned.
The orc priest mumbles some strange prayers to Beogh against you.
Beogh smites you!
You die...

.##....# ..
###....# #.
.......# #o
###..### ##o
#...## #<.
..###
#..#####.# ..#
#........#
.####### #..†#
## <......#
#.#@# ..
..#..### # #.#
.# #......#
###.#####..#
#......#
#.......#.##
##....)#
#..........#
###..##
#.......##.####
####..##
#.............#
.......#
#.....#..⌠..#..
######.#
#....##.....#


You could see an orc priest (very poisoned) and an orc (poisoned).

Vanquished Creatures
  Pikel (D:5)
  A sky beast (D:5)
  An ogre (D:4)
  2 phantoms
  Blork the orc (D:5)
  A lemure (D:5)
  2 jellies
  3 hounds
  Jessica (D:2)
  2 iguanas
  4 adders
  2 white imps (D:5)
  An ufetubus (D:5)
  4 worms
  A dart slug (D:1)
  9 orcs
  5 bats
  2 endoplasms (D:2)
  2 giant cockroaches
  11 goblins
  11 hobgoblins
  4 jackals (D:4)
  3 quokkas
  7 ball pythons
  4 frilled lizards
  12 kobolds
  2 rats
99 creatures vanquished.

Vanquished Creatures (others)
  12 demonic plants (D:3)
  12 fungi (D:3)
  14 plants
  3 withered plants (D:3)
41 creatures vanquished.

Grand Total: 140 creatures vanquished

Notes
Turn   | Place    | Note
-------+----------+-------------------------------------------
     0 | D:1      | Dabor the Deep Elf Venom Mage began the quest for the Orb.
     0 | D:1      | Reached XP level 1. HP: 10/10 MP: 6/6
   201 | D:1      | Found Kuskoon's Armour Boutique.
   256 | D:1      | Found Tyfosuawk's Antique Armour Emporium.
   330 | D:1      | Reached XP level 2. HP: 15/15 MP: 5/8
  1295 | D:1      | Found Eqigicw's Jewellery Boutique.
  1384 | D:1      | Learned a level 2 spell: Poisonous Vapours
  1409 | D:2      | Found a broken altar of Ashenzari.
  1676 | D:2      | Reached XP level 3. HP: 14/19 MP: 5/10
  2318 | D:2      | Learned a level 3 spell: Mephitic Cloud
  2569 | D:2      | Noticed Jessica
  2573 | D:2      | Killed Jessica
  2574 | D:2      | Reached XP level 4. HP: 24/24 MP: 7/11
  2851 | D:3      | Learned a level 1 spell: Freeze
  3132 | D:3      | Reached skill level 1 in Conjurations
  3163 | D:3      | Reached skill level 1 in Ice Magic
  3220 | D:3      | Reached XP level 5. HP: 28/28 MP: 10/13
  3478 | D:3      | Found a faded altar of an unknown god.
  3569 | D:3      | Prayed at the altar of an unknown god.
  3569 | D:3      | Became a worshipper of Ru the Awakened
  3585 | D:3      | Learned a level 3 spell: Ignite Poison
  3755 | D:3      | Found a transporter.
  3757 | D:3      | Noticed an ogre
  3759 | D:3      | Noticed fly's ghost (amateur KoHu)
  3761 | D:3      | Noticed an ogre
  3762 | D:3      | Noticed an ogre
  4499 | D:4      | Noticed an ogre
  4507 | D:4      | Killed an ogre
  4508 | D:4      | Reached skill level 1 in Fire Magic
  4508 | D:4      | Reached XP level 6. HP: 32/32 MP: 3/14
  4682 | D:4      | Reached skill level 5 in Poison Magic
  4812 | D:4      | Learned a level 4 spell: Olgreb's Toxic Radiance
  5119 | D:4      | Found Bixiumo's Jewellery Shoppe.
  5329 | D:5      | Entered Level 5 of the Dungeon
  5329 | D:5      | Noticed a sky beast
  5333 | D:5      | Killed a sky beast
  5334 | D:5      | Reached XP level 7. HP: 36/36 MP: 6/16
  5407 | D:5      | Noticed Pikel
  5411 | D:5      | Killed Pikel
  5412 | D:5      | Reached skill level 5 in Spellcasting
  5534 | D:5      | Found a hazy altar of Hepliaklqana.
  5535 | D:5      | Noticed Blork the orc
  5542 | D:5      | Killed Blork the orc
  5543 | D:5      | Reached skill level 5 in Dodging
  5543 | D:5      | Reached XP level 8. HP: 33/41 MP: 4/18
  5556 | D:5      | Fell from the grace of Ru
  5556 | D:5      | Became a worshipper of Hepliaklqana the Forgotten
  5781 | D:5      | Found a staircase to the Ecumenical Temple.
  5839 | D:5      | Killed from afar by an orc priest

Illustrated notes

Levels and vault maps discovered:
D:1:      dpeg_arrival_rooms_with_view, layout_loops_corners, serial_shops,
          shop, nicolae_shop_advertising_works [nicolae_subvault_shop_adworks],
          nicolae_lakefront_shop, minmay_misc_feat_x,
          minmay_misc_feat_more_columns, kennysheep_doodads
D:2:      layout_basic, basic_altar, uniq_jessica
D:3:      corexii_shack_village, layout_basic, gammafunk_ghost_smash,
          shapermc_ecumenical_altar_gd
D:4:      layout_basic, serial_shops, nicolae_shop_behind_doors
D:5:      layout_rooms, nicolae_hepliaklqana_hazy_memory, chei_slow_surprise,
          minmay_temple_entry_waves, serial_bayou, serial_bayou_shore_b,
          serial_bayou_shore_b, serial_bayou_pond_e, serial_bayou_lagoon_a,
          ebering_dispersal_statue_hall, minmay_misc_feat_encased,
          roderic_serpentine_path, uniq_blork_the_orc, uniq_pikel

Skill      XL: |  1  2  3  4  5  6  7  8 |
---------------+-------------------------+-----
Dodging        | 3 4 5 |  5.3
Transmutations | 2 |  2.0
Poison Magic   | 4 5 6 |  6.7
Spellcasting   | 4 5 6 |  6.0
Conjurations   | 1 2 3 |  3.5
Ice Magic      | 1 2 3 |  3.4
Fire Magic     | 1 2 3 |  3.0
Stealth        | |  2.8

Action                   |  1- 3 |  4- 6 |  7- 9 || total
-------------------------+-------+-------+-------++-------
Melee: Short sword       |     6 |    16 |       ||    22
       Whip              |       |       |    26 ||    26
 Cast: Sting             |    78 |    97 |    22 ||   197
       Poisonous Vapours |       |     5 |     6 ||    11
       Ignite Poison     |       |     2 |     3 ||     5
       Olgreb's Toxic Ra |       |     2 |     8 ||    10
       Freeze            |       |     1 |       ||     1
  Use: Potion            |       |     2 |     3 ||     5
       Scroll            |       |       |     8 ||     8
 Stab: Sleeping          |     1 |       |       ||     1
Armor: Robe              |     5 |    13 |     7 ||    25
Dodge: Dodged            |    19 |    35 |    23 ||    77

Table legend: (Time is in decaauts)
 A = Elapsed time spent in this place.
 B = Non-inter-level travel time spent in this place.
 C = Inter-level travel time spent in this place.
 D = Time resting spent in this place.
 E = Time spent auto-exploring this place.
 F = Levels seen in this place.
 G = Mean time per level.
                   A        B        C        D        E       F      G
               +--------+--------+--------+--------+--------+-----+--------+
         Total |   5846 |   5602 |    244 |      0 |   4918 |   5 | 1169.2 |
       Dungeon |   5846 |   5602 |    244 |      0 |   4918 |   5 | 1169.2 |
               +--------+--------+--------+--------+--------+-----+--------+

Top non-repeatable levels by time:
     D:1: 1409 daAuts
     D:2: 1389 daAuts
     D:3: 1332 daAuts
     D:4: 1203 daAuts
     D:5: 511 daAuts
